 Dungeon Crawl Stone Soup version 0.30-a0-1066-g63dfefce0d (webtiles) character file.

Game seed: 2895348497224387383

1710 dracfodder the Firebug (level 9, -2/45 HPs)
             Began as a Gargoyle Fire Elementalist on Apr 5, 2023.
             Slain by Duvessa
             ... wielding a +0 short sword
              (11 damage)
             ... on level 6 of the Dungeon on Apr 12, 2023.
             The game lasted 00:42:55 (8044 turns).

dracfodder the Firebug (Gargoyle Fire Elementalist) Turns: 8044, Time: 00:42:57

Health: -2/45      AC: 14    Str:  7    XL:     9   Next: 3%
Magic:  8/20       EV: 12    Int: 20    God:
Gold:   88         SH:  0    Dex: 10    Spells: 16/22 levels left

rFire   . . .      SeeInvis .    u - +8 mace "Dragonbane" {spect, rElec rPois rCorr Str-5}
rCold   . . .      Faith    .    (no shield)
rNeg    + . .      Spirit   .    a - +0 robe
rPois   ∞          Reflect  .    g - +2 hat
rElec   +          Rampage  .    v - +0 cloak {Stlth+}
rCorr   +                        (no gloves)
Will    .....                    k - +2 pair of boots
Stlth   +++                      (no amulet)
HPRegen 0.27/turn                (no ring)
MPRegen 0.17/turn                (no ring)

@: no status effects
A: sickness immunity, AC +6, negative energy resistance 1, electricity
resistance, torment resistance 1, petrification resistance
a: no special abilities


You were on level 6 of the Dungeon.
You visited 1 branch of the dungeon, and saw 7 of its levels.

You collected 365 gold pieces.
You spent 277 gold pieces at shops.

Inventory:

Hand Weapons
 h - a +0 sling
 q - a +1 flail of holy wrath
 u - the +8 mace "Dragonbane" (weapon) {spect, rElec rPois rCorr Str-5}
   (You bought it in a shop on level 3 of the Dungeon)

   Str:       It affects your strength (-5).
   rElec:     It insulates you from electricity.
   rPois:     It protects you from poison.
   rCorr:     It protects you from acid and corrosion.
Missiles
 f - 9 javelins
 j - 2 throwing nets
Armour
 a - a +0 robe (worn)
 g - a +2 hat (worn)
 k - a +2 pair of boots (worn)
 v - a +0 cloak of stealth (worn)
Jewellery
 r - a +6 ring of strength
Wands
 o - a wand of charming (19)
Scrolls
 l - 3 scrolls of fear
 p - 5 scrolls of teleportation
 s - a scroll of vulnerability
Potions
 b - a potion of magic
 c - 3 potions of curing
 e - a potion of resistance {unknown}
 i - 3 potions of might
 m - 2 potions of haste
 n - 3 potions of flight
 w - a potion of lignification


   Skills:
 + Level 0.3 Fighting
 + Level 0.6 Maces & Flails
 + Level 2.0 Dodging
 + Level 3.3 Stealth
 * Level 7.3 Spellcasting
 + Level 3.0 Conjurations
 + Level 1.1 Translocations
 * Level 7.5 Fire Magic


You had 16 spell levels left.
You knew the following spells:

 Your Spells              Type           Power      Damage    Failure   Level
a - Foxfire               Conj/Fire      100%       2x1d9     1%          1
b - Scorch                Fire           74%        2d8       1%          2
c - Volatile Blastmotes   Fire/Tloc      48%        2d14      4%          3

Your spell library contained the following spells:

 Spells                   Type           Power      Damage    Failure   Level
 Inner Flame              Hex/Fire       22%        N/A       6%          3
 Flame Wave               Conj/Fire      28%        2d9       11%         4
 Anguish                  Hex/Necr       3%         N/A       65%         4
 Silence                  Hex/Air        3%         N/A       94%         5
 Summon Mana Viper        Hex/Summ       7%         N/A       94%         5


Dungeon Overview and Level Annotations

Branches:
Dungeon (7/15)
 Temple: D:4-7

Altars:
Ashenzari
Makhleb
Trog
Vehumet
Yredelemnul

Shops:
D:2 [   D:3 (*!(

Annotations:
D:5 2 transporters, Sleet's ghost, novice MiBe
D:6 2 transporters, Duvessa


Innate Abilities, Weirdness & Mutations

You are immune to sickness and miasma.
Your stone body is resilient. (AC +6)
You are immune to poison.
You resist negative energy. (rN+)
You are resistant to electric shocks. (rElec)
You are resistant to unholy torment.
You are immune to petrification.


Message History

Duvessa shouts!
Duvessa hits you with a +0 short sword.
The orc warrior hits you but does no damage.
Casting: Scorch (safe; 1% risk of failure)
Confirm with . or Enter, or press ? or * to list all spells.
Flames lash Duvessa.
Duvessa is moderately wounded.
Duvessa's fire resistance burns away.
Duvessa barely misses you. The orc warrior closely misses you.
Duvessa hits you but does no damage.
Casting: Scorch (safe; 1% risk of failure)
Confirm with . or Enter, or press ? or * to list all spells.
Flames lash Duvessa but do no damage.
Duvessa hits you with a +0 short sword.
The orc warrior hits you but does no damage.
Casting: Scorch (safe; 1% risk of failure)
Confirm with . or Enter, or press ? or * to list all spells.
Flames lash Duvessa.
Duvessa is burned terribly!
Duvessa is heavily wounded.
Duvessa hits you but does no damage.
The orc warrior hits you but does no damage.
Duvessa hits you with a +0 short sword.
* * * LOW HITPOINT WARNING * * *
Duvessa barely misses you.
The orc warrior hits you but does no damage.
You climb upwards.
Level annotation: 2 transporters
There is a stone staircase leading down here.
You feel much better. Duvessa misses you.
The orc warrior hits you but does no damage.
Duvessa hits you with a +0 short sword!
Casting: Foxfire (safe; 1% risk of failure)
Press: ? - help, Q - select action, (/) - cycle Dir - look around, f - activate You conjure some foxfire!
Duvessa hits you with a +0 short sword. The orc warrior misses you.
Your foxfire dissipates!
The foxfire hits Duvessa!
Duvessa is burned terribly!
Duvessa is severely wounded.
Duvessa hits you with a +0 short sword!
* * * LOW HITPOINT WARNING * * *
Duvessa hits you with a +0 short sword!
You die...

....#.# #....##.#.#.#####
#...#.##### #....##.#'#.....###
#...#.....# #....#..........#..
#...#.###.# #....#.####.....#..
###≈#.# #.### ###.#..# #.....#..
###≈≈.# #...# #...## #.....###
...≈[.#####.## #..## #......#
####..#≈≈≈#..####e## #......#
....#.###≈≈≈....@o#######......##
###........≈≈...§[...............
..#.##~≈.#..≈~.##########......##
#.#..~≈.#~≈≈.### ########
....≈≈###≈#### .........≈#
#.######.## #.# #.# #.# #.#


You could see Duvessa (berserk, combustible) and an orc warrior (combustible).

Vanquished Creatures
  Prince Ribbit (D:5)
  An ice beast (D:6)
  3 sky beasts
  An ogre (D:5)
  A phantom (D:6)
  2 bullfrogs (D:6)
  3 scorpions
  Dowan (D:7)
  3 jellies
  2 orc priests (D:6)
  2 hounds (D:6)
  Jessica (D:2)
  3 iguanas
  A sleepcap (D:5)
  2 orc wizards (D:5)
  A hound zombie (D:4)
  3 gnolls (D:6)
  10 adders
  A white imp (D:6)
  2 ufetubi
  An adder zombie (D:4)
  3 worms
  2 dart slugs
  15 orcs
  9 endoplasms
  2 giant cockroaches (D:1)
  8 goblins
  7 hobgoblins
  4 jackals (D:1)
  10 kobolds
  3 quokkas
  8 ball pythons
  5 bats
  5 frilled lizards
  A rat (D:3)
127 creatures vanquished.

Vanquished Creatures (others)
  285 foxfires
285 creatures vanquished.

Grand Total: 412 creatures vanquished

Notes
Turn   | Place    | Note
-------+----------+-------------------------------------------
     0 | D:1      | dracfodder the Gargoyle Fire Elementalist began the quest
                  | for the Orb.
     0 | D:1      | Reached XP level 1. HP: 10/10 MP: 3/3
    52 | D:1      | Reached XP level 2. HP: 6/15 MP: 0/5
   180 | D:1      | Learned a level 2 spell: Scorch
   516 | D:1      | Found a faded altar of an unknown god.
   541 | D:1      | Reached XP level 3. HP: 19/19 MP: 3/6
   669 | D:1      | You fall into a shaft and drop 1 floor!
  1011 | D:2      | Found Kachulun's Armour Emporium.
  1130 | D:2      | Got the Grimoire of Jinxing
  1135 | D:2      | Learned a level 3 spell: Volatile Blastmotes
  1529 | D:2      | Noticed Jessica
  1540 | D:3      | Found Xeapt's Antique Weapon Emporium.
  1828 | D:2      | Killed Jessica
  1829 | D:2      | Reached XP level 4. HP: 24/24 MP: 0/8
  2058 | D:3      | Found Mytzaheh's Assorted Antiques.
  2284 | D:3      | Found Adiegeq's Distillery.
  2322 | D:3      | Found Waqiz's Antique Weapon Shoppe.
  2812 | D:4      | Reached XP level 5. HP: 28/28 MP: 7/10
  2931 | D:4      | Found a radiant altar of Vehumet.
  3127 | D:4      | Reached XP level 6. HP: 32/32 MP: 7/12
  3219 | D:3      | Bought a jewelled mace for 128 gold pieces
  3219 | D:3      | Identified the +8 mace "Dragonbane" {spect, rElec rPois
                  | rCorr Str-5} (You bought it in a shop on level 3 of the
                  | Dungeon)
  3472 | D:4      | Found a basalt altar of Yredelemnul.
  4036 | D:5      | Entered Level 5 of the Dungeon
  4195 | D:5      | Reached skill level 5 in Fire Magic
  4195 | D:5      | Reached XP level 7. HP: 36/36 MP: 5/14
  4420 | D:5      | Noticed Prince Ribbit
  4426 | D:5      | Killed Prince Ribbit
  4427 | D:5      | Reached skill level 5 in Spellcasting
  4427 | D:5      | Reached skill level 1 in Translocations
  5005 | D:5      | Found a transporter.
  5007 | D:5      | Noticed Sleet's ghost (novice MiBe)
  5008 | D:5      | Found a transporter.
  5092 | D:2      | Bought a +0 cloak of stealth for 149 gold pieces
  5198 | D:5      | Found a bloodstained altar of Trog.
  5213 | D:5      | Reached XP level 8. HP: 41/41 MP: 2/16
  6234 | D:6      | HP: 1/41 [shot self (16)]
  6553 | D:6      | Found a transporter.
  6672 | D:6      | Found a burning altar of Makhleb.
  6700 | D:6      | Found a transporter.
  7497 | D:6      | Found a broken altar of Ashenzari.
  7831 | D:6      | Upgraded the game from 0.30-a0-1008-g30c9307041 to
                  | 0.30-a0-1066-g63dfefce0d
  7879 | D:7      | Noticed Duvessa
  7879 | D:7      | Noticed Dowan
  7979 | D:7      | Killed Dowan
  7980 | D:7      | Reached XP level 9. HP: 45/45 MP: 16/19
  8044 | D:6      | Slain by Duvessa

Illustrated notes

Levels and vault maps discovered:
D:1:      dpeg_arrival_rooms_with_view, layout_rooms,
          hellmonk_ecumenical_altar_leap_of_faith
D:2:      layout_basic, serial_shops, nicolae_shop_hallway_plus,
          minmay_pentomino_p2, uniq_jessica
D:3:      layout_loops_ring, serial_shops, nicolae_shop_stone, shop, shop,
          nicolae_diamond_shop
D:4:      minmay_skewed_foursquare, layout_basic, amcnicky_altar_gilded,
          lemuel_zombie_altar_yredelemnul
D:5:      corexii_shack_village, layout_cave_pools, trog_hazing_becter,
          gammafunk_ghost_mausoleum, minivault_4, uniq_prince_ribbit1
D:6:      gammafunk_steamed_eel, layout_basic, kennysheep_mini_moat,
          mainiacjoe_overflow_surrounded_room, serial_rivers,
          chequers_serial_rivers_large_a, chequers_serial_rivers_small_b,
          chequers_serial_rivers_micro_c, chequers_serial_rivers_small_3,
          chequers_serial_rivers_micro_c, chequers_serial_rivers_micro_b,
          eino_tiny_chamber
D:7:      layout_layer_cave, gammafunk_temple_overflow_elements,
          minmay_temple_entry_enclosed_plants, hangedman_misty_isle,
          uniq_duvessa

Skill      XL: |  1  2  3  4  5  6  7  8 |
---------------+-------------------------+-----
Spellcasting   | 3 4 5 7 |  7.3
Fire Magic     | 4 5 6 7 |  7.5
Conjurations   | 2 3 |  3.0
Translocations | 1 |  1.1
Stealth        | 3 |  3.3
Dodging        | 2 |  2.0
Fighting       | |  0.3
Maces & Flails | |  0.6

Action                     |  1- 3 |  4- 6 |  7- 9 || total
---------------------------+-------+-------+-------++-------
  Melee: Club              |    15 |     2 |       ||    17
         Mace              |       |     4 |    15 ||    19
         Punch             |       |       |     1 ||     1
  Throw: Javelin           |     6 |       |       ||     6
   Cast: Foxfire           |    55 |    26 |    84 ||   165
         Scorch            |     4 |    28 |    51 ||    83
         Volatile Blastmot |     1 |     7 |     6 ||    14
    Use: Scroll            |     3 |     3 |    10 ||    16
         Potion            |       |     1 |     2 ||     3
 Armour: Robe              |    15 |    12 |    28 ||    55
  Dodge: Dodged            |    28 |    14 |    30 ||    72

Table legend: (Time is in decaauts)
 A = Elapsed time spent in this place.
 B = Non-inter-level travel time spent in this place.
 C = Inter-level travel time spent in this place.
 D = Time resting spent in this place.
 E = Time spent auto-exploring this place.
 F = Levels seen in this place.
 G = Mean time per level.
                   A        B        C        D        E       F      G
               +--------+--------+--------+--------+--------+-----+--------+
         Total |   8087 |   7694 |    393 |   2438 |   4040 |   7 | 1155.3 |
       Dungeon |   8087 |   7694 |    393 |   2438 |   4040 |   7 | 1155.3 |
               +--------+--------+--------+--------+--------+-----+--------+

Top non-repeatable levels by time:
     D:6: 2259 daAuts
     D:5: 1641 daAuts
     D:4: 1229 daAuts
     D:3: 1042 daAuts
     D:2: 996 daAuts
     D:1: 878 daAuts
     D:7: 40 daAuts
